 Dungeon Crawl Stone Soup version 0.27.0-1-g7a089689b8 (webtiles) character file.

Game seed: 13523406186784792354

11355 robertstho the Thaumaturge (level 12, -7/76 HPs)
             Began as a Djinni Fire Elementalist on Aug 4, 2021.
             Was an Initiate of Gozag.
             Mangled by a blink frog (18 damage)
             ... on level 2 of the Lair of Beasts.
             The game lasted 00:19:26 (13067 turns).

robertstho the Thaumaturge (DjFE)                  Turns: 13067, Time: 00:19:27

Health: -7/76      AC:  4    Str:  7    XL:     12   Next: 6%
Gold:   733        EV: 15    Int: 21    God:    Gozag SH:  5 Dex: 17

rFire    + + +     SeeInvis .   l - +2 double sword (holy)
rCold    x x .     Faith    .   (no shield)
rNeg     + . .     Spirit   .   a - +0 robe
rPois    ∞         Reflect  +   y - +0 helmet
rElec    +         Harm     .   C - scarf {repulsion}
rCorr    .         Rampage  +   s - +0 pair of gloves of the Constellations {Rampage rElec Int-3 Dex+3}
Will     +....                  (boots unavailable)
Stlth    +++.......             x - amulet of Fuarchak {Reflect rN+ Int+2 SH+5}
HPRegen  0.22/turn              o - ring of fire
MPRegen  0.00/turn              (no ring)

@: gold aura, flying, repel missiles
A: sickness immunity, fire resistance 2, cold vulnerability 1, float, innate
caster, hp casting, extra vitality 1
a: Renounce Religion, Potion Petition, Call Merchant, Bribe Branch


You were on level 2 of the Lair of Beasts.
You worshipped Gozag.
Gozag was pleased with you.
You visited 3 branches of the dungeon, and saw 11 of its levels.
You also visited: Bailey.

You collected 1660 gold pieces.
You spent 406 gold pieces at shops.
You paid 521 gold pieces to Gozag.

Inventory:

Hand Weapons
 l - a +2 double sword of holy wrath (weapon)
 r - a +0 long sword
 z - the +9 morningstar of Slow Death {freeze, *Noise Drain rElec rC+++}
   (You took it off a goblin in a bailey)

   It freezes those it strikes, dealing additional cold damage.
   It can also slow down cold-blooded creatures.
   rC:        It renders you almost immune to cold.
   rElec:     It insulates you from electricity.
   *Noise:    It may make noises in combat.
   Drain:     It drains your maximum health when unequipped.
Armour
 a - a +0 robe (worn)
 s - the +0 pair of gloves of the Constellations (worn) {Rampage rElec Int-3 Dex+3}
   (You found it on level 4 of the Dungeon)

   Int:       It affects your intelligence (-3).
   Dex:       It affects your dexterity (+3).
   rElec:     It insulates you from electricity.
   Rampage:   It bestows one free step when moving towards enemies.
 y - a +0 helmet (worn)
 C - a scarf of repulsion (worn)
Jewellery
 o - a ring of fire (left hand)
 x - the amulet of Fuarchak (around neck) {Reflect rN+ Int+2 SH+5}
   (You acquired it in a bailey)

   [amulet of reflection]

   It reflects blocked missile attacks.
   Int:       It affects your intelligence (+2).
   rN:        It protects you from negative energy.
   SH:        It affects your SH (+5).
Wands
 F - a wand of digging (3)
 H - a wand of flame (24)
Scrolls
 c - 3 scrolls of teleportation
 d - a scroll of immolation
 f - a scroll of vulnerability {unknown}
 g - a scroll of torment {unknown}
 h - a scroll of fear
 j - a scroll of noise {unknown}
 k - a scroll of magic mapping {unknown}
 m - a scroll of silence {unknown}
 p - a scroll of summoning {unknown}
 v - 2 scrolls of fog
 w - a scroll of blinking {unknown}
 E - 2 scrolls of brand weapon
Potions
 b - 2 potions of brilliance
 e - 2 potions of invisibility
 i - 5 potions of lignification
 n - 3 potions of attraction
 q - 3 potions of heal wounds {unknown}
 t - 5 potions of degeneration {unknown}
 u - 6 potions of curing
 A - 3 potions of might {unknown}
 B - a potion of resistance
 D - 3 potions of berserk rage
 G - a potion of haste {unknown}


   Skills:
 + Level 2.6 Fighting
 + Level 4.4 Long Blades
 + Level 5.6 Dodging
 + Level 5.4 Stealth
 + Level 0.3 Shields
 + Level 12.1 Spellcasting


You had 6 spell levels left.
You knew the following spells:

 Your Spells              Type           Power      Damage    Failure   Level
a - Foxfire               Conj/Fire      100%       2x1d9     1%          1
b - Conjure Flame         Conj/Fire      77%        6-21      1%          3
c - Inner Flame           Hex/Fire       77%        N/A       1%          3
d - Sticky Flame          Conj/Fire      77%        2d9       1%          4
e - Fireball              Conj/Fire      38%        3d16      1%          5
f - Beastly Appendage     Tmut           100%       N/A       1%          1
g - Ensorcelled Hibernat  Hex/Ice        100%       N/A       1%          2
h - Poisonous Vapours     Pois/Air       100%       N/A       1%          2
i - Animate Dead          Necr           29%        N/A       1%          4
j - Passage of Golubria   Tloc           N/A        N/A       1%          4
Your spell library was empty.

Dungeon Overview and Level Annotations

Branches:
Dungeon (8/15)             Temple (1/1) D:5            Lair (2/6) D:8
 Bailey (visited)
  Swamp: Lair:2-4    Shoals: Lair:2-4     Snake: Lair:2-4    Spider: Lair:2-4

Altars:
Cheibriados
Dithmenos
Elyvilon
Fedhas
Gozag
Kikubaaqudgha
Makhleb
Nemelex Xobeh
Qazlal
Ru
Sif Muna
Uskayaw
Vehumet
Wu Jian
Xom
Yredelemnul
Zin
The Shining One

Shops:
D:8 !


Innate Abilities, Weirdness & Mutations

You are immune to sickness and miasma.
You are immune to poison.
Your flesh is very heat resistant. (rF++)
You are vulnerable to cold. (rC-)
You float through the air rather than walking.
You learn spells naturally, not from books.
Your magical power is your life essence.
You have superior vitality. (+4 HP)


Message History

Confirm with . or Enter, or press ? or * to list all spells.
Aiming: Fireball (dangerous; 1% risk of failure)
Press: ? - help, Shift-Dir - straight line, f - water moccasin
Aim: a water moccasin (wandering, hasn't noticed you)
You feel a surge of power!
The fireball explodes!
The fireball engulfs the water moccasin!!
The water moccasin is severely wounded.
The water moccasin hisses angrily.
The blink frog gives a loud, deep croak!
You hear an angry hiss. x2
The blink frog blinks!
Casting: Fireball (dangerous; 1% risk of failure)
Confirm with . or Enter, or press ? or * to list all spells.
Aiming: Fireball (dangerous; 1% risk of failure)
Press: ? - help, Shift-Dir - straight line, f/p - water moccasin
Aim: a water moccasin (severely wounded)
You feel a surge of power!
The fireball explodes!
The fireball engulfs the water moccasin!!
You kill the water moccasin!
You hear a loud, deep croak!
You hear an angry hiss.
A black mamba comes into view.
A blink frog comes into view.
The black mamba is distracted by your dazzling golden aura.
Casting: Fireball (dangerous; 1% risk of failure)
Confirm with . or Enter, or press ? or * to list all spells.
Aiming: Sticky Flame (safe; 1% risk of failure)
Press: ? - help, Shift-Dir - straight line, f - blink frog
Aim: a blink frog (100% to hit)
You feel a surge of power!
The sticky flame hits the blink frog!
The blink frog is moderately wounded.
The blink frog is covered in liquid flames!
The black mamba hisses angrily.
The black mamba is no longer distracted by gold.
The blink frog burns!
A blink frog comes into view.
The blink frog hits you!
* * * LOW HITPOINT WARNING * * *
Unknown command.
The blink frog burns!
The blink frog hits you!!
You die...
Your body crumbles into a pile of gold.

##.............
#..............
#..............
#..............
#.............
#...........)#
#...........#
#.....@.....#
.##.....F...###
.....S.<...##
........$.##
....F....##
.#....$..#
...F....##
.....$..#
.......##


You could see a black mamba and 3 blink frogs.

Vanquished Creatures
  A two-headed ogre (D:8)
  An orc high priest (Bailey)
  3 orc knights (Bailey)
  An orc sorcerer (Bailey)
  A black mamba (Lair:2)
  2 cane toads (Lair:1)
  A komodo dragon (Lair:2)
  A shadow (D:6)
  18 yaks
  3 basilisks
  Menkaure (D:7)
  Edmund (D:5)
  6 water moccasins
  An ice beast (D:5)
  6 orc warriors
  2 sky beasts (D:6)
  3 ogres (D:6)
  2 necrophages
  A centaur (D:5)
  A kobold brigand (D:8)
  6 bullfrogs
  A wyvern zombie (D:6)
  6 killer bees (D:8)
  A howler monkey (D:4)
  9 electric eels
  A bullfrog zombie (D:7)
  A centaur zombie (D:6)
  3 hounds
  A jelly (D:7)
  An orc priest (D:6)
  A bullfrog skeleton (D:7)
  2 gnoll shamans
  2 orc wizards
  A killer bee zombie (D:8)
  A howler monkey zombie (D:5)
  17 gnolls
  2 howler monkey skeletons (D:6)
  4 adders
  3 white imps
  2 ufetubi
  An adder skeleton (D:4)
  4 worms
  A dart slug (D:5)
  21 orcs
  5 endoplasms
  5 giant cockroaches
  16 goblins
  15 hobgoblins
  2 jackals (D:2)
  12 kobolds
  A quokka (D:2)
  6 ball pythons
  4 bats (D:3)
  A frilled lizard (D:1)
  4 rats
219 creatures vanquished.

Vanquished Creatures (others)
  A gnoll (Bailey)
  665 foxfires
  2 fungi
668 creatures vanquished.

Grand Total: 887 creatures vanquished

Notes
Turn   | Place    | Note
-------+----------+-------------------------------------------
     0 | D:1      | robertstho the Djinni Fire Elementalist began the quest for
                  | the Orb.
     0 | D:1      | Reached XP level 1. HP: 15/15 MP: 0/0
   420 | D:1      | Found a faded altar of an unknown god.
   426 | D:1      | Reached XP level 2. HP: 18/21 MP: 0/0
  1113 | D:2      | Reached skill level 3 in Spellcasting
  1113 | D:2      | Reached XP level 3. HP: 12/25 MP: 0/0
  1113 | D:2      | Learned a level 1 spell: Beastly Appendage
  1948 | D:2      | Reached XP level 4. HP: 22/31 MP: 0/0
  2690 | D:3      | Reached XP level 5. HP: 17/35 MP: 0/0
  2690 | D:3      | Learned a level 2 spell: Ensorcelled Hibernation
  3132 | D:3      | Reached skill level 4 in Spellcasting
  3186 | D:3      | Found a snail-covered altar of Cheibriados.
  3306 | D:3      | Found a sacrificial altar of Ru.
  3468 | D:4      | Identified the +0 pair of gloves of the Constellations
                  | {Rampage rElec Int-3 Dex+3}
  3822 | D:4      | Reached XP level 6. HP: 33/40 MP: 0/0
  4070 | D:4      | Identified the +0 robe "Paex" {Str+8 Slay-6}
  4470 | D:5      | Entered Level 5 of the Dungeon
  4499 | D:5      | Found a staircase to the Ecumenical Temple.
  4711 | D:5      | Noticed an ice beast
  4718 | D:5      | Killed an ice beast
  4719 | D:5      | Reached skill level 5 in Spellcasting
  4793 | D:5      | Noticed a necrophage
  4797 | D:5      | Killed a necrophage
  4798 | D:5      | Reached XP level 7. HP: 39/45 MP: 0/0
  4798 | D:5      | Learned a level 2 spell: Poisonous Vapours
  5463 | Temple   | Entered the Ecumenical Temple
  5530 | Temple   | Became a worshipper of Gozag Ym Sagoz the Greedy
  5671 | D:5      | Noticed Edmund
  5684 | D:5      | Killed Edmund
  5685 | D:5      | Reached skill level 6 in Spellcasting
  5828 | D:5      | Found a blossoming altar of Fedhas.
  5937 | D:6      | Reached XP level 8. HP: 44/50 MP: 0/0
  6013 | D:6      | Noticed a shadow
  6018 | D:6      | Killed a shadow
  6361 | D:6      | Reached skill level 7 in Spellcasting
  6532 | D:6      | Reached XP level 9. HP: 38/55 MP: 0/0
  6532 | D:6      | Learned a level 4 spell: Animate Dead
  6900 | D:6      | Found a shadowy altar of Dithmenos.
  7118 | D:7      | Reached skill level 8 in Spellcasting
  7327 | D:7      | Found a flagged portal.
  7336 | Bailey   | Entered a bailey
  7384 | Bailey   | Reached skill level 1 in Fighting
  7513 | Bailey   | Noticed an orc high priest
  7524 | Bailey   | Noticed a rust devil
  7524 | Bailey   | Noticed an orc sorcerer
  7529 | Bailey   | Noticed a sixfirhy
  7530 | Bailey   | Killed an orc high priest
  7531 | Bailey   | Reached skill level 1 in Long Blades
  7531 | Bailey   | Reached skill level 9 in Spellcasting
  7534 | Bailey   | Killed an orc sorcerer
  7535 | Bailey   | Reached XP level 10. HP: 22/62 MP: 0/0
  7881 | Bailey   | Noticed an orc knight
  7979 | Bailey   | Killed an orc knight
  7980 | Bailey   | Reached skill level 10 in Spellcasting
  8268 | Bailey   | Found an iron altar of Okawaru.
  8337 | Bailey   | Noticed an orc knight
  8356 | Bailey   | Noticed an orc knight
  8375 | Bailey   | Identified a scroll of acquirement
  8386 | Bailey   | Identified the +9 morningstar of Slow Death {freeze, *Noise
                  | Drain rElec rC+++}
  8642 | Bailey   | Killed an orc knight
  8817 | Bailey   | Killed an orc knight
  9076 | Bailey   | Acquired a scarf of repulsion
  9088 | Bailey   | Acquired the amulet of Fuarchak {Reflect rN+ Int+2 SH+5}
  9338 | D:7      | Noticed Menkaure
  9341 | D:7      | Killed Menkaure
  9556 | D:7      | Reached XP level 11. HP: 46/68 MP: 0/0
  9556 | D:7      | Learned a level 4 spell: Passage of Golubria
 10068 | D:8      | Reached skill level 11 in Spellcasting
 10311 | D:8      | Reached skill level 5 in Dodging
 10511 | D:8      | Found a stormy altar of Qazlal.
 10840 | D:8      | Noticed a two-headed ogre
 10846 | D:8      | Killed a two-headed ogre
 11271 | D:8      | Found a staircase to the Lair.
 11356 | D:8      | Reached skill level 5 in Stealth
 11558 | D:8      | Bought a potion of attraction for 42 gold pieces
 11558 | D:8      | Bought a potion of curing for 42 gold pieces
 11558 | D:8      | Bought a potion of berserk rage for 70 gold pieces
 11558 | D:8      | Bought a potion of brilliance for 56 gold pieces
 11558 | D:8      | Bought a potion of magic for 112 gold pieces
 11558 | D:8      | Bought a potion of lignification for 42 gold pieces
 11558 | D:8      | Bought a potion of flight for 42 gold pieces
 11575 | Lair:1   | Entered Level 1 of the Lair of Beasts
 12579 | Lair:1   | Reached skill level 12 in Spellcasting
 13058 | Lair:2   | Reached XP level 12. HP: 61/76 MP: 0/0
 13067 | Lair:2   | Mangled by a blink frog

Illustrated notes

Levels and vault maps discovered:
D:1:      erik_arrival_triangle_large, layout_basic,
          hellmonk_ecumenical_altar_run_dry
D:2:      minmay_recursive_quarters, layout_loops_ring, hex_medium,
          minmay_pentomino_t2
D:3:      layout_rooms, general_overflow_altar, mainiacjoe_overflow_catwalk,
          grunt_decor_cap
D:4:      layout_basic, kennysheep_another_room
D:5:      layout_loops_ring, vehumet_crystals, fedhas_altar_fruit_tree,
          minmay_temple_entry_statues, serial_park_tiny_1, uniq_edmund
D:6:      layout_basic, mainiacjoe_overflow_24_doors
D:7:      layout_gridville, enter_bailey_8, uniq_menkaure
D:8:      layout_layer_cave, nicolae_qazlal_style_of_elements, lair_entry_dummy
Temple:   zaba_magenta_temple
Lair:1:   layout_chaotic_city, disabler_island
Lair:2:   layout_cave_pods, minmay_shoals_entry_centaurs,
          minmay_snake_entry_six_corridors

Skill      XL: |  1  2  3  4  5  6  7  8  9 10 11 |
---------------+----------------------------------+-----
Spellcasting   | 3 4 5 6 7 9 10 12 | 12.1
Stealth        | 2 3 4 5 |  5.4
Dodging        | 3 4 5 |  5.6
Fighting       | 1 2 |  2.6
Long Blades    | 1 2 4 |  4.4
Shields        | |  0.3

Action                   |  1- 3 |  4- 6 |  7- 9 | 10-12 || total
-------------------------+-------+-------+-------+-------++-------
Melee: Long sword        |       |       |     7 |     7 ||    14
       Double sword      |       |       |       |     8 ||     8
 Cast: Foxfire           |    75 |   140 |   153 |    26 ||   394
       Sticky Flame      |       |     1 |     8 |    14 ||    23
       Fireball          |       |       |     3 |    97 ||   100
Invok: Call Merchant     |       |       |       |     1 ||     1
  Use: Scroll            |       |     1 |     3 |     9 ||    13
Armor: Robe              |     5 |     2 |     9 |     3 ||    19
Dodge: Dodged            |     1 |    11 |    13 |    31 ||    56
Block: Other             |       |       |       |    10 ||    10
       Reflection        |       |       |       |     1 ||     1
       Rpst.: Long sword |       |       |     4 |    14 ||    18
       Double sword      |       |       |       |     1 ||     1
